 Dungeon Crawl Stone Soup version 0.30-a0-652-gcc886f7154 (webtiles) character file.

Game seed: 16536853415426409977

2711 zinnoa the Grappler (level 9, -2/88 HPs)
             Began as a Troll Berserker on Jan 17, 2023.
             Was an Elder of Trog.
             Succumbed to a water moccasin's poison
             ... on level 7 of the Dungeon on Jan 18, 2023.
             The game lasted 00:27:49 (5769 turns).

zinnoa the Grappler (Troll Berserker)               Turns: 5769, Time: 00:27:49

Health: -2/88      AC:  4    Str: 31    XL:     9   Next: 39%
Magic:  8/8        EV: 11    Int:  3    God:    Trog [****..]
Gold:   402        SH:  0    Dex:  9    Spells: 8/8 levels left

rFire   . . .      SeeInvis .      - Unarmed
rCold   + . .      Faith    .    (no shield)
rNeg    . . .      Spirit   .    a - +0 animal skin
rPois   .          Reflect  .    (helmet restricted)
rElec   .          Harm     .    (no cloak)
rCorr   .          Rampage  .    (gloves unavailable)
Will    ++...                    (boots unavailable)
Stlth   +                        k - amulet of the acrobat
HPRegen 2.14/turn                t - ring of protection from cold
MPRegen 0.11/turn                (no ring)

@: lethally poisoned (-2 -> -9), strong-willed, on berserk cooldown,
regenerating, hasted and slowed
A: large, unfitting armour, claws 3, regeneration 1, shaggy fur 1, tough skin 1
a: Renounce Religion, Berserk, Trog's Hand, Brothers in Arms


You were on level 7 of the Dungeon.
You worshipped Trog.
Trog was greatly pleased with you.
You visited 2 branches of the dungeon, and saw 8 of its levels.
You also visited: Sewer and Ossuary.

You collected 402 gold pieces.

Inventory:

Hand Weapons
 b - a +1 whip of flaming
 c - a +0 sling
 r - a +0 flail
 E - a +0 giant spiked club
Missiles
 f - 14 poisoned darts (quivered)
Armour
 a - a +0 animal skin (worn)
Jewellery
 i - an amulet of magic regeneration
 k - an amulet of the acrobat (around neck)
 t - a ring of protection from cold (left claw)
Wands
 q - a wand of mindburst (17)
 x - a wand of charming (9)
 y - a wand of flame (25)
 F - a wand of roots (10)
Scrolls
 d - 8 scrolls of teleportation {unknown}
 e - 3 scrolls of amnesia {unknown}
 g - 9 scrolls of identify {unknown}
 n - a scroll of immolation {unknown}
 p - a scroll of fog {unknown}
 s - 2 scrolls of blinking {unknown}
 u - 2 scrolls of vulnerability {unknown}
 v - a scroll of poison {unknown}
 A - a scroll of noise {unknown}
 D - a scroll of acquirement {unknown}
 G - a scroll of enchant armour {unknown}
Potions
 j - 3 potions of heal wounds {unknown}
 l - 5 potions of curing {unknown}
 m - a potion of brilliance {unknown}
 o - 3 potions of might {unknown}
 w - a potion of lignification {unknown}
 z - a potion of ambrosia {unknown}
 B - 2 potions of attraction {unknown}
 C - a potion of resistance {unknown}
 H - a potion of mutation {unknown}


   Skills:
 * Level 5.5 Fighting
 + Level 5.4 Dodging
 - Level 0.4 Stealth
 + Level 10.2 Unarmed Combat


You had 8 spell levels left.
You didn't know any spells.
Your spell library was empty.

Dungeon Overview and Level Annotations

Branches:
Dungeon (7/15)             Temple (1/1) D:4           Sewer (visited)
Ossuary (visited)

Altars:
Ashenzari
Cheibriados
Dithmenos
Elyvilon
Fedhas
Hepliaklqana
Kikubaaqudgha
Makhleb
Nemelex Xobeh
Okawaru
Qazlal
Ru
Sif Muna
Trog
Uskayaw
Vehumet
Wu Jian
Xom
Yredelemnul
Zin
The Shining One


Innate Abilities, Weirdness & Mutations

You are too large for most types of armour.
You have claws for hands.
Your natural rate of healing is unusually fast.
You are covered in fur. (AC +1)
You have tough skin. (AC +1)


Message History

You claw the howler monkey!
You kill the howler monkey!
Trog accepts your kill. The water moccasin bites you.
You barely miss the water moccasin. The water moccasin bites you. x2
You are poisoned.
The water moccasin poisons you!
You miss the water moccasin.
You feel very sick. The water moccasin bites you!
You are more poisoned.
The water moccasin poisons you! The water moccasin bites you.
You are more poisoned.
The water moccasin poisons you!
You are too injured to fight recklessly!
You are too injured to fight recklessly!
You are too injured to fight recklessly!
Your skin crawls.
You feel strong-willed.
You feel extremely sick.
A bullfrog comes into view.
The water moccasin bites you but does no damage.
The water moccasin bites you!
* * * LOW HITPOINT WARNING * * *
You are lethally poisoned!
The water moccasin poisons you!
You are too injured to fight recklessly!
You are too injured to fight recklessly!
You are too injured to fight recklessly!
You are too injured to fight recklessly!
* * * LOW HITPOINT WARNING * * *
You feel extremely sick. The water moccasin closely misses you.
* * * LOW HITPOINT WARNING * * *
You feel extremely sick. The water moccasin barely misses you.
Things that are here:
a +0 short sword; a +0 leather armour It was a potion of haste.
You feel yourself speed up.
You die...

##.###.# . #......# ..
# ...#####..######
#..#..................
....########..#######
#..### #..########
#..†)### #..........
##..)####.########
#..S@)...........
#.#..))####.#####
#.#...........
#.#.....### .##
#.#..#...# .#
#.##.#..... # #.
......... #..#######


You could see a water moccasin.

Vanquished Creatures
  Pikel (D:6)
  3 water moccasins
  3 black bears
  An ice beast (D:5)
  Pargi (Sewer)
  An ogre (D:5)
  A lemure (D:6)
  3 scorpions
  3 necrophages
  3 howler monkeys
  A centaur zombie (Ossuary)
  2 jellies
  7 hounds
  A human zombie (Ossuary)
  3 orc priests
  A gnoll bouda (D:7)
  5 iguanas
  Ijyb (D:4)
  2 mummies (Ossuary)
  4 gnolls (D:7)
  7 adders
  3 ufetubi
  An adder zombie (Ossuary)
  2 worms
  3 dart slugs
  11 orcs
  8 bats
  13 endoplasms
  11 giant cockroaches
  8 goblins
  5 hobgoblins
  12 jackals
  11 kobolds
  8 quokkas
  8 ball pythons
  3 frilled lizards
  A goblin zombie (Ossuary)
  11 hobgoblin zombies (Ossuary)
  A jackal zombie (Ossuary)
  15 kobold zombies (Ossuary)
  4 orc zombies (Ossuary)
  6 rats
  2 rat zombies (Ossuary)
201 creatures vanquished.

Notes
Turn   | Place    | Note
-------+----------+-------------------------------------------
     0 | D:1      | zinnoa the Troll Berserker began the quest for the Orb.
     0 | D:1      | Reached XP level 1. HP: 22/22 MP: 0/0
    96 | D:1      | Reached XP level 2. HP: 29/29 MP: 1/1
   343 | D:1      | Found a faded altar of an unknown god.
   374 | D:1      | Reached XP level 3. HP: 36/36 MP: 2/2
   639 | D:1      | Reached ** piety under Trog
  1442 | D:2      | Reached XP level 4. HP: 44/44 MP: 3/3
  1564 | D:2      | Reached skill level 4 in Unarmed Combat
  1701 | D:2      | Noticed a necrophage
  1708 | D:2      | Killed a necrophage
  1709 | D:2      | Reached XP level 5. HP: 53/53 MP: 4/4
  2336 | D:3      | Reached skill level 5 in Unarmed Combat
  2490 | D:3      | Reached XP level 6. HP: 55/61 MP: 5/5
  2606 | D:3      | Reached *** piety under Trog
  2818 | D:4      | Found a sand-covered staircase.
  2830 | D:4      | Upgraded the game from 0.30-a0-639-g3916f1956a to
                  | 0.30-a0-652-gcc886f7154
  2844 | Ossuary  | Entered an ossuary
  3066 | Ossuary  | Reached **** piety under Trog
  3296 | D:4      | Reached skill level 6 in Unarmed Combat
  3477 | D:4      | Noticed Ijyb
  3484 | D:4      | Killed Ijyb
  3485 | D:4      | Reached XP level 7. HP: 67/67 MP: 6/6
  3612 | D:4      | Found a shadowy altar of Dithmenos.
  3782 | D:4      | Found a sparkling altar of Nemelex Xobeh.
  3787 | D:4      | Found a shimmering altar of Xom.
  3787 | D:4      | Found a burning altar of Makhleb.
  3912 | D:4      | Found a staircase to the Ecumenical Temple.
  3920 | Temple   | Entered the Ecumenical Temple
  3920 | Temple   | Found a transporter.
  3920 | Temple   | Found a transporter.
  3922 | Temple   | Found a transporter.
  3922 | Temple   | Found a transporter.
  4098 | D:5      | Entered Level 5 of the Dungeon
  4131 | D:5      | Reached skill level 7 in Unarmed Combat
  4318 | D:5      | Reached XP level 8. HP: 68/78 MP: 7/7
  4448 | D:5      | Reached skill level 8 in Unarmed Combat
  5049 | D:6      | Reached skill level 9 in Unarmed Combat
  5174 | D:6      | Reached skill level 5 in Dodging
  5184 | D:6      | Found Uvijib's Vocational Training.
  5232 | D:6      | Noticed Pikel
  5243 | D:6      | Killed Pikel
  5244 | D:6      | Reached skill level 5 in Fighting
  5244 | D:6      | Reached XP level 9. HP: 88/88 MP: 8/8
  5281 | D:6      | Found a glowing drain.
  5317 | Sewer    | Entered a sewer
  5388 | Sewer    | Noticed Pargi
  5393 | Sewer    | Killed Pargi
  5626 | D:7      | Reached skill level 10 in Unarmed Combat
  5768 | D:7      | HP: 1/88 [poisoned by a water moccasin]
  5769 | D:7      | Succumbed to a water moccasin's poison

Illustrated notes

Levels and vault maps discovered:
D:1:      dpeg_arrival_boxorama, layout_loops_ring,
          hellmonk_ecumenical_altar_dog_temple, st_stairs_9,
          chequers_serial_rivers_micro_a, serial_bayou_crossing
D:2:      layout_basic, minmay_misc_feat_doors, st_stairs_6
D:3:      wad_crossroads, layout_basic, grunt_ministairs_1
D:4:      layout_loops_cross, nicolae_dithmenos_through_a_glass_darkly,
          grunt_temple_overflow_open, minmay_temple_entry_fiery,
          enter_ossuary_1, kennysheep_generic_room_6, uniq_ijyb
D:5:      layout_loops_ring, st_stairs_5
D:6:      layout_rooms, portal_sewer_entry_f, nrook_mini_vaults,
          hangedman_abyss_or_decor_lesser_grid, nicolae_shop_vocational,
          uniq_pikel
D:7:      layout_basic
Temple:   hellmonk_temple_divided_pantheon

Skill      XL: |  1  2  3  4  5  6  7  8  9 |
---------------+----------------------------+-----
Dodging        | 3 4 5 |  5.4
Unarmed Combat | 4 5 6 7 9 10 | 10.2
Fighting       | 3 4 5 |  5.5
Stealth        | |  0.4

Action                   |  1- 3 |  4- 6 |  7- 9 || total
-------------------------+-------+-------+-------++-------
Melee: Unarmed           |   107 |   218 |   196 ||   521
       Punch             |     1 |     6 |     7 ||    14
Invok: Berserk           |       |     2 |     3 ||     5
       Trog's Hand       |       |     1 |     1 ||     2
  Use: Potion            |       |       |     1 ||     1
 Stab: Sleeping          |       |     2 |     4 ||     6
Armor: Animal skin       |    46 |    50 |    52 ||   148
Dodge: Dodged            |    97 |   126 |   103 ||   326

Table legend: (Time is in decaauts)
 A = Elapsed time spent in this place.
 B = Non-inter-level travel time spent in this place.
 C = Inter-level travel time spent in this place.
 D = Time resting spent in this place.
 E = Time spent auto-exploring this place.
 F = Levels seen in this place.
 G = Mean time per level.
                   A        B        C        D        E       F      G
               +--------+--------+--------+--------+--------+-----+--------+
         Total |   5745 |   5484 |    261 |     92 |   3236 |  10 |  574.5 |
       Dungeon |   5059 |   4816 |    243 |     92 |   3150 |   7 |  722.7 |
        Temple |    143 |    125 |     18 |      0 |      0 |   1 |  143.0 |
         Sewer |    150 |    150 |      0 |      0 |     86 |   1 |  150.0 |
       Ossuary |    392 |    392 |      0 |      0 |      0 |   1 |  392.0 |
               +--------+--------+--------+--------+--------+-----+--------+

Top non-repeatable levels by time:
     D:2: 1127 daAuts
     D:3: 836 daAuts
     D:4: 793 daAuts
     D:1: 789 daAuts
     D:5: 761 daAuts
     D:6: 608 daAuts
 Ossuary: 392 daAuts
   Sewer: 150 daAuts
  Temple: 143 daAuts
     D:7: 141 daAuts
